 Dungeon Crawl Stone Soup version 0.30-a0-170-g85af917532 (webtiles) character file.

Game seed: 11018323118383612244

30053 KennySheep the Tortoise (level 13, -3/103 HPs)
             Began as a Formicid Fighter on Oct 1, 2022.
             Was a Priest of Makhleb.
             Slain by a minotaur
             ... wielding the +4 hand axe "Ceitefub" {vamp, rElec Int+6}
              (39 damage)
             ... in a Gauntlet.
             The game lasted 00:50:09 (14480 turns).

KennySheep the Tortoise (Formicid Fighter)         Turns: 14480, Time: 00:50:09

Health: -3/103     AC: 26    Str: 25    XL:     13   Next: 85%
Magic:  26/26      EV: 17    Int:  9    God:    Makhleb [***...]
Gold:   1385       SH:  8    Dex: 19    Spells: 10/12 levels left

rFire   . . .      SeeInvis +    a - +9 battleaxe (vorpal)
rCold   . . .      Faith    .    c - +0 buckler
rNeg    . . .      Spirit   .    p - +3 shadow dragon scales
rPois   +          Reflect  .    (helmet unavailable)
rElec   +          Harm     .    s - +0 cloak "Ceke Edd" {rPois}
rCorr   .          Rampage  +    g - -1 pair of gloves of Anaesthesia {Rampage *Corrode MP+9 SInv}
Will    +....                    A - +0 pair of boots
Stlth   +++.......               C - amulet of regeneration
HPRegen 1.07/turn                D - +4 ring of evasion
MPRegen 0.20/turn                n - ring "Wuachan" {rElec Dex+6}

@: studying Armour
A: permanent stasis, dig shafts and tunnels, antennae 3, four strong arms
a: Dig, Renounce Religion, Minor Destruction, Lesser Servant of Makhleb


You were in a Gauntlet.
You worshipped Makhleb.
Makhleb was most pleased with you.
You visited 5 branches of the dungeon, and saw 16 of its levels.
You also visited: Ossuary and Gauntlet.

You collected 1901 gold pieces.
You spent 516 gold pieces at shops.

Inventory:

Hand Weapons
 a - a +9 vorpal battleaxe (weapon)
 b - a +0 hand axe of flaming
Armour
 c - a +0 buckler (worn)
 g - the -1 pair of gloves of Anaesthesia (worn) {Rampage *Corrode MP+9 SInv}
   (You bought it in a shop on level 2 of the Orcish Mines)

   MP:        It affects your magic capacity (+9).
   SInv:      It lets you see invisible.
   *Corrode:  It may corrode you when you take damage.
   Rampage:   It bestows one free step when moving towards enemies.
 p - +3 shadow dragon scales (worn)
 s - the +0 cloak "Ceke Edd" (worn) {rPois}
   (You found it in a Gauntlet)

   rPois:     It protects you from poison.
 A - a +0 pair of boots (worn)
Jewellery
 n - the ring "Wuachan" (right hand) {rElec Dex+6}
   (You found it in a Gauntlet)

   [ring of dexterity]

   Dex:       It affects your dexterity (+6).
   rElec:     It insulates you from electricity.
 C - an amulet of regeneration (around neck)
 D - a +4 ring of evasion (left hand)
 J - a ring of magical power
 L - a ring of protection from cold
 M - a ring of flight
Wands
 d - a wand of flame (15)
 h - a wand of roots (19)
 y - a wand of polymorph (18)
 z - a wand of paralysis (5)
 I - a wand of quicksilver (15)
 P - a wand of digging (3)
Scrolls
 e - 2 scrolls of identify
 k - 4 scrolls of noise
 m - a scroll of torment
 r - 2 scrolls of amnesia
 t - 5 scrolls of fog
 v - 3 scrolls of immolation
 x - 2 scrolls of poison
 B - a scroll of vulnerability
 H - a scroll of magic mapping
Potions
 f - 2 potions of curing
 i - 4 potions of lignification
 j - a potion of magic
 l - 2 potions of flight
 o - 2 potions of attraction
 q - a potion of might
 u - a potion of invisibility
 E - 3 potions of mutation
 F - a potion of resistance
 N - a potion of haste


   Skills:
 + Level 10.1 Fighting
 * Level 12.6 Axes
 * Level 16.2 Armour
 + Level 7.0 Dodging
 + Level 12.1 Shields
 + Level 5.8 Invocations


You had 10 spell levels left.
You knew the following spells:

 Your Spells              Type           Power      Damage    Failure   Level
a - Passwall              Tmut/Erth      0%         N/A       95%         2

Your spell library contained the following spells:

 Spells                   Type           Power      Damage    Failure   Level
 Kiss of Death            Conj/Necr      0%         2d5       86%         1
 Magic Dart               Conj           0%         1d3       86%         1
 Sandblast                Erth           0%         2d4       86%         1
 Summon Small Mammal      Summ           0%         N/A       86%         1
 Call Imp                 Summ           0%         N/A       95%         2
 Call Canine Familiar     Summ           0%         N/A       99%         3
 Confusing Touch          Hex            0%         N/A       99%         3
 Mephitic Cloud           Conj/Pois/Air  0%         N/A       99%         3
 Stone Arrow              Conj/Erth      0%         3d7       99%         3
 Summon Guardian Golem    Hex/Summ       0%         N/A       99%         3
 Dispel Undead            Necr           0%         3d6       100%        4


Dungeon Overview and Level Annotations

Branches:
Dungeon (9/15)             Temple (1/1) D:5            Lair (3/5) D:8
 Shoals (0/4) Lair:2        Snake (0/4) Lair:2          Orc (2/2) D:9
    Elf (1/3) Orc:2       Ossuary (visited)         Gauntlet (1/1)

Altars:
Ashenzari
Cheibriados
Elyvilon
Fedhas
Gozag
Hepliaklqana
Kikubaaqudgha
Makhleb
Nemelex Xobeh
Okawaru
Qazlal
Ru
Sif Muna
Trog
Uskayaw
Vehumet
Wu Jian
Xom
Yredelemnul
Zin
The Shining One
Ignis

Shops:
D:1 *   D:4 :   Orc:2 *=[:

Annotations:
D:3 3 runed translucent doors, ImAmAmBug's ghost, amateur DjFE
Elf:1 Jorgrun Gauntlet 21 runed translucent doors, 8 transporters


Innate Abilities, Weirdness & Mutations

You cannot be hasted, slowed, berserked, paralysed or teleported.
You can dig through walls and to a lower floor.
You have a pair of large antennae on your head. (SInv)
Your four strong arms can wield two-handed weapons with a shield.


Message History

You start putting on your armour.
You continue putting on the +0 cloak "Ceke Edd" {rPois}. x5
You finish putting on the +0 cloak "Ceke Edd" {rPois}.
You have 1385 gold pieces.
Unknown command.
You drop a +0 cloak.
A minotaur comes into view.
It is wielding the +4 hand axe "Ceitefub" {vamp, rElec Int+6}, wearing a +0 plate armour of willpower and quivering silver javelins.
The minotaur moves out of view.
Found a wand of roots (4).
Found a gate leading back out of this place.
You rampage towards the minotaur!
There is a gate leading back out of this place here.
Items here: ( / : ?? [[.
The minotaur bellows!
You hit the minotaur.
The minotaur is lightly wounded.
The minotaur hits you with the +4 hand axe "Ceitefub" {vamp, rElec Int+6}!
The minotaur gores you but does no damage.
You slash the minotaur!
The minotaur is moderately wounded.
The minotaur hits you with the +4 hand axe "Ceitefub" {vamp, rElec Int+6}!!
You block the minotaur's attack.
You hit the minotaur but do no damage.
The minotaur is moderately wounded.
The minotaur drinks a potion.
The minotaur seems to grow stronger.
You barely miss the minotaur.
The minotaur is moderately wounded.
The minotaur hits you with the +4 hand axe "Ceitefub" {vamp, rElec Int+6}!!
The minotaur draws strength from your wounds!
The minotaur gores you but does no damage.
You slice the minotaur!!
The minotaur is heavily wounded.
The minotaur hits you with the +4 hand axe "Ceitefub" {vamp, rElec Int+6}!!
* * * LOW HITPOINT WARNING * * *
The minotaur draws strength from your wounds!
The minotaur gores you!
* * * LOW HITPOINT WARNING * * *
You feel much better.
The minotaur hits you with the +4 hand axe "Ceitefub" {vamp, rElec Int+6}!!!
You die...

##..#|##
#############≈..#yy.
#........#.###§.####
#.######.#..##......
####..#.#.#...#..####
#....##.#.#...#..#...
#.#####.#.#.©.#8.#..#
#.#H.⌠#.#.#...#..#Z#.
#.#.@...#...©.#∩.#Z#.
#.#⌠.⌠#.#.#...#..#.#.
#.#####.#.#.©.#8.#$##
#....##.#.#...#..#...
#.####....#.#...#..####
#....##.###.#..##......
#........#.###..####
#############≈..#=}#
##..###.


You could see a minotaur (strong).

Vanquished Creatures
  A deep elf elementalist (Orc:2)
  An ettin (Orc:1)
  The ghost of Ofeo the Fighter, a journeyman DsRe of Ashenzari (Lair:1)
  A hydra (Lair:2)
  A dancing weapon (Orc:2)
  2 two-headed ogres
  5 orc high priests (Orc:2)
  Amaemon (Lair:1)
  3 deep elf zephyrmancers (Orc:2)
  3 orc knights (Orc:2)
  3 orc sorcerers (Orc:2)
  A shining eye (Gauntlet)
  2 manticores (D:9)
  2 black mambas
  2 torpor snails
  2 cane toads (Lair:1)
  An orange demon (Lair:1)
  A rime drake (Lair:1)
  A komodo dragon (Lair:1)
  3 trolls
  A snapping turtle (Lair:2)
  A centaur simulacrum (Gauntlet)
  3 wyverns
  Sigmund (D:2)
  2 shadows (D:9)
  7 yaks
  19 fire elementals
  A basilisk (Lair:1)
  Menkaure (D:5)
  Edmund (D:5)
  A naga (Lair:2)
  A warg (Orc:2)
  Duvessa (D:7)
  4 water moccasins
  A floating eye (Gauntlet)
  4 black bears
  33 orc warriors
  4 ice beasts
  A sky beast (D:7)
  11 wolves
  8 ogres
  3 centaurs
  A phantom (D:4)
  An elf zombie (Ossuary)
  4 kobold brigands
  6 bullfrogs
  A necrophage (D:5)
  2 scorpions (D:4)
  13 wights
  Dowan (D:7)
  3 killer bees (D:8)
  2 howler monkeys
  4 hounds
  2 jellies (D:7)
  A gnoll bouda (Orc:1)
  A human zombie (Ossuary)
  26 orc priests
  4 iguanas
  17 orc wizards
  8 ogre zombies (D:9)
  3 mummies
  9 gnolls
  8 adders
  A shadow imp (D:5)
  An ufetubus (D:4)
  An adder zombie (D:2)
  2 dart slugs
  68 orcs
  A bat skeleton (D:2)
  7 endoplasms
  7 gnoll zombies (Ossuary)
  4 goblins
  9 hobgoblins
  4 jackals (D:2)
  A quokka (D:2)
  4 ball pythons
  2 ball python zombies (D:2)
  2 bats
  3 frilled lizards
  A goblin skeleton (D:9)
  7 goblin zombies
  2 hobgoblin skeletons (D:9)
  7 hobgoblin zombies
  A jackal skeleton (D:2)
  25 kobolds
  3 orc skeletons (D:9)
  12 orc zombies
  2 quokka skeletons (D:2)
  3 rats (D:1)
443 creatures vanquished.

Vanquished Creatures (collateral kills)
  A deep elf zephyrmancer (Elf:1)
  A deep elf pyromancer (Elf:1)
  An air elemental (Elf:1)
3 creatures vanquished.

Vanquished Creatures (others)
  44 foxfires
  20 fungi
  16 plants
  2 withered plants (D:2)
82 creatures vanquished.

Grand Total: 528 creatures vanquished

Notes
Turn   | Place    | Note
-------+----------+-------------------------------------------
     0 | D:1      | KennySheep the Formicid Fighter began the quest for the
                  | Orb.
     0 | D:1      | Reached XP level 1. HP: 18/18 MP: 1/1
    75 | D:1      | Reached XP level 2. HP: 19/24 MP: 2/2
   264 | D:1      | Found Uhoemo's Assorted Antiques.
   548 | D:1      | Reached XP level 3. HP: 29/29 MP: 3/3
   875 | D:2      | Noticed Sigmund
   891 | D:2      | Killed Sigmund
   892 | D:2      | Reached skill level 4 in Armour
   892 | D:2      | Reached skill level 5 in Shields
   892 | D:2      | Reached XP level 4. HP: 16/37 MP: 4/4
   892 | D:2      | Reached XP level 5. HP: 18/42 MP: 5/5
   892 | D:2      | Reached XP level 6. HP: 20/48 MP: 6/6
  2098 | D:2      | Found a faded altar of an unknown god.
  2220 | D:2      | Prayed at the altar of an unknown god.
  2220 | D:2      | Became a worshipper of Ignis, the Dying Flame
  2404 | D:3      | Noticed a black bear
  2409 | D:3      | Killed a black bear
  2410 | D:3      | Reached XP level 7. HP: 48/55 MP: 7/7
  2500 | D:3      | Found a shimmering blue altar of Sif Muna.
  2502 | D:3      | Found an ornate altar of the Wu Jian Council.
  2727 | D:3      | Found a runed translucent gate.
  2727 | D:3      | Found a runed translucent gate.
  2727 | D:3      | Found a runed translucent gate.
  2730 | D:3      | Noticed ImAmAmBug's ghost (amateur DjFE)
  2764 | D:3      | Identified the +5 dagger of the Living Dead {elec, rElec
                  | rC+ Int+4}
  2764 | D:3      | Identified the +1 leather armour of the Equator {Dex+3}
  3080 | D:4      | Reached skill level 5 in Axes
  3094 | D:4      | Reached skill level 5 in Armour
  3259 | D:4      | Found Ewoom's Book Boutique.
  3283 | D:4      | Bought a book of Geomancy for 252 gold pieces
  3286 | D:4      | Learned a level 2 spell: Passwall
  3340 | D:4      | Reached skill level 5 in Fighting
  3651 | D:5      | Entered Level 5 of the Dungeon
  3694 | D:5      | Identified the +1 leather armour "Jirchauge" {rN+ Dex+3}
  3737 | D:5      | Noticed Menkaure
  3750 | D:5      | Killed Menkaure
  3751 | D:5      | Reached XP level 8. HP: 34/62 MP: 8/8
  3925 | D:5      | Found a staircase to the Ecumenical Temple.
  4053 | D:5      | Reached skill level 6 in Armour
  4462 | D:5      | Noticed Edmund
  4475 | D:5      | Killed Edmund
  4476 | D:5      | Reached skill level 1 in Dodging
  5067 | Temple   | Entered the Ecumenical Temple
  5326 | D:6      | Found a sand-covered staircase.
  5340 | Ossuary  | Entered an ossuary
  5401 | Ossuary  | Reached XP level 9. HP: 48/69 MP: 9/9
  6431 | D:7      | Reached skill level 7 in Armour
  6558 | D:7      | Noticed Dowan
  6559 | D:7      | Noticed Duvessa
  6690 | D:7      | Killed Duvessa
  6694 | D:7      | Killed Dowan
  6746 | D:7      | Reached XP level 10. HP: 77/77 MP: 10/10
  7186 | D:7      | Identified a scroll of acquirement
  7187 | D:7      | Acquired a manual of Armour
  7385 | D:8      | Found a shimmering altar of Xom.
  7411 | D:8      | Found a hide-covered altar of Uskayaw.
  7426 | D:8      | Reached skill level 8 in Armour
  7447 | D:8      | Reached skill level 9 in Armour
  7531 | D:8      | Found a staircase to the Lair.
  7616 | D:8      | Identified the +5 falchion of Supply {protect, rC+ rN+}
  7937 | D:9      | Noticed a two-headed ogre
  7949 | D:9      | Killed a two-headed ogre
  7950 | D:9      | Reached skill level 10 in Armour
  7950 | D:9      | Reached XP level 11. HP: 32/86 MP: 11/11
  8078 | D:9      | Noticed a manticore
  8089 | D:9      | Killed a manticore
  8095 | D:9      | Noticed a manticore
  8096 | D:9      | Found an opulent altar of Gozag.
  8102 | D:9      | Killed a manticore
  8103 | D:9      | Reached skill level 11 in Armour
  8139 | D:9      | Found a staircase to the Orcish Mines.
  8297 | D:9      | Reached skill level 10 in Axes
  8662 | Orc:1    | Entered Level 1 of the Orcish Mines
  8720 | Orc:1    | Reached skill level 5 in Dodging
  8721 | Orc:1    | Reached skill level 10 in Shields
  8841 | Orc:1    | Noticed an ettin
  8849 | Orc:1    | Killed an ettin
  8850 | Orc:1    | Reached skill level 12 in Armour
  9285 | Temple   | Fell from the grace of Ignis
  9285 | Temple   | Became a worshipper of Makhleb the Destroyer
  9457 | Lair:1   | Entered Level 1 of the Lair of Beasts
  9467 | Lair:1   | Reached skill level 1 in Invocations
  9467 | Lair:1   | Reached XP level 12. HP: 94/94 MP: 12/12
  9490 | Lair:1   | Noticed Amaemon
  9551 | Orc:2    | Entered Level 2 of the Orcish Mines
  9629 | Orc:2    | Found a staircase to the Elven Halls.
  9639 | Orc:2    | Reached skill level 13 in Armour
  9690 | Orc:2    | Reached * piety under Makhleb
  9691 | Orc:2    | Noticed a two-headed ogre
  9700 | Orc:2    | Killed a two-headed ogre
  9988 | Orc:2    | Noticed an orc high priest
  9996 | Orc:2    | Killed an orc high priest
 10150 | Orc:2    | Reached ** piety under Makhleb
 10264 | Orc:2    | Noticed an orc high priest
 10293 | Orc:2    | Reached skill level 14 in Armour
 10337 | Orc:2    | Noticed an orc high priest
 10341 | Orc:2    | Noticed an orc high priest
 10346 | Orc:2    | Killed an orc high priest
 10350 | Orc:2    | Noticed an orc high priest
 10351 | Orc:2    | Killed an orc high priest
 10355 | Orc:2    | Noticed a sun demon
 10356 | Orc:2    | Killed an orc high priest
 10361 | Orc:2    | Killed an orc high priest
 10362 | Orc:2    | Reached XP level 13. HP: 51/101 MP: 16/16
 10724 | Orc:2    | Was forgiven by Ignis
 11261 | Orc:2    | Found Juheerij's General Store.
 11262 | Orc:2    | Found Bushryusy's Armour Emporium.
 11262 | Orc:2    | Found Siblus's Jewellery Shoppe.
 11263 | Orc:2    | Found Ruic's Book Shoppe.
 11270 | Orc:2    | Bought the -1 pair of gloves of Anaesthesia {Rampage
                  | *Corrode MP+9 SInv} for 264 gold pieces
 11383 | Elf:1    | Entered Level 1 of the Elven Halls
 11389 | Elf:1    | Reached skill level 15 in Armour
 11392 | Elf:1    | Noticed a deep elf elementalist
 11748 | Orc:2    | Killed a deep elf elementalist
 11805 | Orc:2    | Reached skill level 5 in Invocations
 11823 | Elf:1    | Noticed Jorgrun
 12096 | Orc:2    | HP: 5/103 [burnt (8)]
 12270 | Lair:1   | Killed Amaemon
 12979 | Lair:1   | Found a runed translucent door.
 12986 | Lair:1   | Noticed Ofeo's ghost (journeyman DsRe)
 13155 | Lair:1   | Killed Ofeo's ghost
 13156 | Lair:1   | Reached skill level 10 in Fighting
 13171 | Lair:1   | Identified the ring of Pogoajed {Wiz *Corrode Int+6}
 13228 | Lair:2   | Found a staircase to the Shoals.
 13401 | Lair:2   | Noticed an eight-headed hydra
 13413 | Lair:2   | Killed a one-headed hydra
 13416 | Lair:2   | Reached skill level 16 in Armour
 13569 | Lair:2   | Reached *** piety under Makhleb
 13616 | Lair:2   | Found a staircase to the Snake Pit.
 14113 | Lair:3   | Found a gate leading to a gauntlet.
 14121 | Gauntlet | Entered a Gauntlet
 14121 | Gauntlet | Found a runed translucent door.
 14121 | Gauntlet | Found a transporter.
 14121 | Gauntlet | Found a runed translucent door.
 14121 | Gauntlet | Found a runed translucent gate.
 14121 | Gauntlet | Found a transporter.
 14121 | Gauntlet | Found a runed translucent gate.
 14122 | Gauntlet | Found a runed translucent gate.
 14133 | Gauntlet | Found a transporter.
 14147 | Gauntlet | Found a large runed translucent door.
 14148 | Gauntlet | Found a large runed translucent door.
 14149 | Gauntlet | Found a large runed translucent door.
 14149 | Gauntlet | Found a large runed translucent door.
 14149 | Gauntlet | Found a large runed translucent door.
 14149 | Gauntlet | Found a large runed translucent door.
 14149 | Gauntlet | Found a large runed translucent door.
 14149 | Gauntlet | Found a large runed translucent door.
 14150 | Gauntlet | Found a runed translucent door.
 14150 | Gauntlet | Found a runed translucent gate.
 14151 | Gauntlet | Found a transporter.
 14151 | Gauntlet | Found a runed translucent gate.
 14151 | Gauntlet | Found a transporter.
 14151 | Gauntlet | Found a transporter.
 14153 | Gauntlet | Found a transporter.
 14153 | Gauntlet | Found a transporter.
 14166 | Gauntlet | Found a transporter.
 14182 | Gauntlet | Found a transporter.
 14192 | Gauntlet | Found a transporter.
 14192 | Gauntlet | Noticed a ghost crab
 14209 | Gauntlet | Found a transporter.
 14218 | Gauntlet | Found a large runed translucent door.
 14219 | Gauntlet | Found a large runed translucent door.
 14220 | Gauntlet | Found a large runed translucent door.
 14220 | Gauntlet | Found a large runed translucent door.
 14220 | Gauntlet | Found a large runed translucent door.
 14220 | Gauntlet | Found a large runed translucent door.
 14221 | Gauntlet | Found a large runed translucent door.
 14221 | Gauntlet | Found a large runed translucent door.
 14221 | Gauntlet | Found a runed translucent gate.
 14221 | Gauntlet | Found a runed translucent door.
 14226 | Gauntlet | Found a transporter.
 14238 | Gauntlet | Found a transporter.
 14333 | Gauntlet | Identified the ring "Wuachan" {rElec Dex+6}
 14385 | Gauntlet | Identified the +0 cloak "Ceke Edd" {rPois}
 14471 | Gauntlet | Identified the +4 hand axe "Ceitefub" {vamp, rElec Int+6}
 14471 | Gauntlet | Noticed a minotaur
 14474 | Gauntlet | Identified the +2 cloak of the Rose {Rampage Str+4}
 14480 | Gauntlet | Slain by a minotaur

Illustrated notes

Levels and vault maps discovered:
D:1:      shiori_arrival_oz, layout_rooms, serial_shops,
          nicolae_shop_hallway_stairs, minivault_5, minmay_pentomino_t2
D:2:      layout_basic, dreamdust_ecumenical_altar_statues, serial_undead,
          serial_undead_b, serial_undead_e, serial_undead_a, serial_undead_f,
          serial_undead_d, serial_undead_d, serial_undead_d,
          minmay_misc_feat_columns, bh_walls_and_bars, uniq_sigmund
D:3:      layout_basic, jmf_multi_god_temple, biasface_ghost_orc_armoury
D:4:      layout_basic, serial_shops, shop_coins, chequers_serial_rivers_small_a
D:5:      layout_loops_ring, temple_statues, st_stairs_5, minmay_between,
          uniq_edmund, uniq_menkaure
D:6:      cheibrodos_helix_gallery, layout_loops_cross,
          nicolae_ossuary_entry_giza, nicolae_lava_and_water, corexii_shack
D:7:      layout_loops_ring, hex_medium, kennysheep_opposing_triangles,
          uniq_duvessa
D:8:      layout_rooms, mainiacjoe_overflow_catwalk_spiral,
          grunt_lair_entry_orc_guard_hut
D:9:      layout_loops_corners, zombieorc2_lemuel, minmay_ruined_shrine
Temple:   minmay_temple_bridge_d
Lair:1:   layout_long_grid, ebering_ghost_reflecting_pool, uniq_amaemon
Lair:2:   layout_regular_city, minmay_shoals_entry_hut,
          guppyfry_snake_entry_island, lemuel_fruit_tree
Lair:3:   layout_loops_ring, gauntlet_entry_generic, kilobyte_rumbling_trees
Orc:1:    layout_caves
Orc:2:    st_orc_pillars, layout_diamond_mine
Elf:1:    elf_arrival_002, layout_geoelf_grid, basic_altar,
          hangedman_corner_corridor, uniq_jorgrun
Gauntlet: gammafunk_gauntlet_mixed_choke_point
          [minmay_gauntlet_arena_77_run_for_it,
          minmay_gauntlet_arena_77_cramped,
          minmay_gauntlet_arena_77_block_sizes,
          minmay_gauntlet_arena_make_your_own_arena,
          minmay_gauntlet_arena_77_hold_the_fort, minmay_gauntlet_arena_77_box,
          minmay_gauntlet_arena_77_tiled_triplets,
          dreamdust_gauntlet_exit_labyrinth]

Skill      XL: |  1  2  3  4  5  6  7  8  9 10 11 12 13 |
---------------+----------------------------------------+-----
Fighting       | 4 5 6 7 8 9 10 | 10.1
Axes           | 3 4 5 6 8 9 10 11 12 | 12.6
Armour         | 4 5 6 7 10 12 14 16 | 16.2
Shields        | 5 6 7 8 9 10 11 12 | 12.1
Dodging        | 1 3 4 5 6 7 |  7.0
Invocations    | 1 4 5 |  5.8

Action                   |  1- 3 |  4- 6 |  7- 9 | 10-12 | 13-15 || total
-------------------------+-------+-------+-------+-------+-------++-------
Melee: War axe           |    67 |    82 |   336 |    32 |       ||   517
       Battleaxe         |       |       |       |   400 |   184 ||   584
       Broad axe         |       |       |       |    51 |       ||    51
       Hand axe          |       |       |       |       |    10 ||    10
Invok: Fiery Armour      |       |     1 |     1 |     3 |       ||     5
       Foxfire Swarm     |       |       |       |     3 |       ||     3
       Minor Destruction |       |       |       |       |     7 ||     7
 Abil: Dig               |       |     1 |     1 |       |       ||     2
Evoke: Wand              |       |       |       |     1 |     1 ||     2
  Use: Potion            |     1 |       |     3 |     4 |     1 ||     9
       Scroll            |       |       |    13 |    15 |     4 ||    32
 Stab: Sleeping          |       |       |    15 |       |     1 ||    16
       Distracted        |       |       |       |     1 |       ||     1
Armor: Scale mail        |    26 |    40 |     1 |       |       ||    67
       Shadow dragon sca |       |       |   169 |   270 |   120 ||   559
Dodge: Dodged            |    31 |    41 |   147 |   418 |   149 ||   786
Block: Buckler           |    24 |    18 |    86 |   211 |    85 ||   424

Table legend: (Time is in decaauts)
 A = Elapsed time spent in this place.
 B = Non-inter-level travel time spent in this place.
 C = Inter-level travel time spent in this place.
 D = Time resting spent in this place.
 E = Time spent auto-exploring this place.
 F = Levels seen in this place.
 G = Mean time per level.
                   A        B        C        D        E       F      G
               +--------+--------+--------+--------+--------+-----+--------+
         Total |  14752 |  13674 |   1078 |   2841 |   7711 |  18 |  819.6 |
       Dungeon |   8750 |   8017 |    733 |   1153 |   5066 |   9 |  972.2 |
        Temple |    384 |    226 |    158 |      0 |    213 |   1 |  384.0 |
          Lair |   1770 |   1691 |     79 |     45 |   1359 |   3 |  590.0 |
  Orcish Mines |   3133 |   3027 |    106 |   1544 |    802 |   2 | 1566.5 |
   Elven Halls |     45 |     45 |      0 |      0 |      0 |   1 |   45.0 |
       Ossuary |    308 |    308 |      0 |     99 |    105 |   1 |  308.0 |
      Gauntlet |    360 |    360 |      0 |      0 |    166 |   1 |  360.0 |
               +--------+--------+--------+--------+--------+-----+--------+

Top non-repeatable levels by time:
   Orc:2: 2354 daAuts
     D:2: 1518 daAuts
     D:5: 1464 daAuts
     D:7: 1012 daAuts
     D:8: 894 daAuts
  Lair:2: 874 daAuts
  Lair:1: 856 daAuts
     D:9: 838 daAuts
     D:6: 809 daAuts
     D:3: 800 daAuts
     D:1: 788 daAuts
   Orc:1: 779 daAuts
     D:4: 624 daAuts
  Temple: 384 daAuts
Gauntlet: 360 daAuts
